 Dungeon Crawl Stone Soup version 0.29.1-12-g30fa7ad0bf (webtiles) character file.

Game seed: 12363488069965035062

190994 GeoRichter the Earth Mage (level 18, -7/124 HPs)
             Began as a Deep Elf Conjurer on Jan 12, 2023.
             Was the Champion of Ashenzari.
             Asphyxiated
             ... on level 4 of the Snake Pit.
             The game lasted 01:22:22 (30494 turns).

GeoRichter the Earth Mage (Deep Elf Conjurer)      Turns: 30494, Time: 01:22:23

Health: -7/124     AC: 22    Str:  6    XL:     18   Next: 0%
Magic:  24/45      EV: 14    Int: 30    God:    Ashenzari [******]
Gold:   1630       SH:  7    Dex: 19    Spells: 13/59 levels left

rFire   + + .      SeeInvis +   Q - +8 trident of the Octopus King {venom, rElec rPois, Elem, Melee} (curse)
rCold   + . .      Faith    .   H - +0 buckler "Visionary Awkwardness" {Melee, Self} (curse)
rNeg    + . .      Spirit   .   v - +6 acid dragon scales "Overhang to Understand" {rCorr, Fort, Self} (curse)
rPois   +          Reflect  .   u - +2 hat "Seer of Ashenzari" {Cun, Fort} (curse)
rElec   +          Harm     .   O - +0 cloak "Share My Sorrow" {Regen+, Fort, Bglg} (curse)
rCorr   +          Rampage  .   x - +0 pair of gloves "Per Aspera Ad Scientiam" {Cun, Evo} (curse)
Will    ++...      Clarity  +   i - +0 pair of boots "Mistrust of Ashenzari" {Cun, Melee} (curse)
Stlth   ++++......              d - amulet "Perceptive Sorrow" {RegenMP, Fort, Elem} (curse)
HPRegen 1.10/turn               G - ring of Ashenzari's Seeker {rF++ rC+ rN+ Dex+6, Fort, Self} (curse)
MPRegen 0.69/turn               t - ring of the Bound Sybil {Will+, Self, Fort} (curse)

@: lethally poisoned (-7 -> -31), death channelling, animating dead, slowed,
constricted, very slow
A: no striking features
a: Renounce Religion, Shatter the Chains


You were on level 4 of the Snake Pit.
You worshipped Ashenzari.
Ashenzari was exalted by your worship.
You visited 5 branches of the dungeon, and saw 27 of its levels.
You also visited: Bailey.

You collected 2939 gold pieces.
You spent 1309 gold pieces at shops.

Inventory:

Hand Weapons
 Q - the cursed +8 trident of the Octopus King (weapon) {venom, rElec rPois, Elem, Melee}
   (You found it on level 2 of the Lair of Beasts)

   It poisons the flesh of those it strikes.
   rElec:     It insulates you from electricity.
   rPois:     It protects you from poison.
   It has a curse which improves the following skills: Elements: Fire Magic, Ice
   Magic, Air Magic and Earth Magic.
   Melee Combat: Short Blades, Long Blades, Axes, Maces & Flails, Polearms,
   Staves and Unarmed Combat.
Missiles
 M - 2 throwing nets {!f}
Armour
 i - the cursed +0 pair of boots "Mistrust of Ashenzari" (worn) {Cun, Melee}
   (You found it on level 7 of the Dungeon)

   It has a curse which improves the following skills: Cunning: Dodging and
   Stealth.
   Melee Combat: Short Blades, Long Blades, Axes, Maces & Flails, Polearms,
   Staves and Unarmed Combat.
 u - the cursed +2 hat "Seer of Ashenzari" (worn) {Cun, Fort}
   (You took it off Gastronok on level 12 of the Dungeon)

   It has a curse which improves the following skills: Cunning: Dodging and
   Stealth.
   Fortitude: Armour and Shields.
 v - the cursed +6 acid dragon scales "Overhang to Understand" (worn) {rCorr, Fort, Self}
   (You found it on level 8 of the Dungeon)

   rCorr:     It protects you from acid and corrosion.
   It has a curse which improves the following skills: Fortitude: Armour and
   Shields.
   Introspection: Fighting and Spellcasting.
 x - the cursed +0 pair of gloves "Per Aspera Ad Scientiam" (worn) {Cun, Evo}
   (You found it on level 4 of the Dungeon)

   It has a curse which improves the following skills: Cunning: Dodging and
   Stealth.
   Evocations: Evocations.
 H - the cursed +0 buckler "Visionary Awkwardness" (worn) {Melee, Self}
   (You found it on level 8 of the Dungeon)

   It has a curse which improves the following skills: Melee Combat: Short
   Blades, Long Blades, Axes, Maces & Flails, Polearms, Staves and Unarmed
   Combat.
   Introspection: Fighting and Spellcasting.
 O - the cursed +0 cloak "Share My Sorrow" (worn) {Regen+, Fort, Bglg}
   (You acquired it on level 1 of the Lair of Beasts)

   Regen:     It increases your rate of health regeneration.
   It has a curse which improves the following skills: Fortitude: Armour and
   Shields.
   Beguiling: Conjurations, Hexes and Translocations.
 R - the +1 tower shield of Valour {rF++ rCorr Dex-2 Slay+3}
   (You took it off Louise on level 2 of the Snake Pit)

   Dex:       It affects your dexterity (-2).
   Slay:      It affects your accuracy & damage with ranged weapons and melee
   (+3).
   rF:        It greatly protects you from fire.
   rCorr:     It protects you from acid and corrosion.
Jewellery
 d - the cursed amulet "Perceptive Sorrow" (around neck) {RegenMP, Fort, Elem}
   (You found it on level 3 of the Lair of Beasts)

   [amulet of magic regeneration]

   It increases your rate of magic regeneration.
   It has a curse which improves the following skills: Fortitude: Armour and
   Shields.
   Elements:  Fire Magic, Ice Magic, Air Magic and Earth Magic.
 t - the cursed ring of the Bound Sybil (right hand) {Will+, Self, Fort}
   (You found it on level 10 of the Dungeon)

   [ring of willpower]

   Will:      It increases your willpower.
   It has a curse which improves the following skills: Introspection: Fighting
   and Spellcasting.
   Fortitude: Armour and Shields.
 G - the cursed ring of Ashenzari's Seeker (left hand) {rF++ rC+ rN+ Dex+6, Fort, Self}
   (You acquired it on level 6 of the Dungeon)

   [ring of dexterity]

   Dex:       It affects your dexterity (+6).
   rF:        It greatly protects you from fire.
   rC:        It protects you from cold.
   rN:        It protects you from negative energy.
   It has a curse which improves the following skills: Fortitude: Armour and
   Shields.
   Introspection: Fighting and Spellcasting.
Wands
 c - a wand of quicksilver (23)
   (You took it off Ijyb on level 3 of the Dungeon)
 m - a wand of paralysis (18)
   (You found it on level 12 of the Dungeon)
 E - a wand of polymorph (6)
   (You found it on level 14 of the Dungeon)
 I - a wand of digging (3)
   (You took it off a centaur on level 9 of the Dungeon)
 J - a wand of mindburst (5)
   (You found it on level 9 of the Dungeon)
 K - a wand of iceblast (17)
   (You found it on level 9 of the Dungeon)
Scrolls
 a - 2 scrolls of immolation {!r}
 f - 7 scrolls of teleportation {@r4}
 g - 3 scrolls of enchant weapon
 n - 5 scrolls of fear
 s - 3 scrolls of butterflies
 w - 4 scrolls of magic mapping
 y - 3 scrolls of blinking
 z - 2 scrolls of silence
 B - 4 scrolls of poison
 F - 5 scrolls of vulnerability {!r}
 N - a scroll of summoning
 P - 5 scrolls of brand weapon
Potions
 b - 3 potions of mutation {!q}
 e - 8 potions of flight
 h - 4 potions of ambrosia
 j - 9 potions of haste {@q3}
 k - 9 potions of curing {@q1}
 l - 7 potions of attraction {!q}
 o - 2 potions of resistance
 p - 6 potions of heal wounds {@q2}
 q - a potion of berserk rage
 r - 2 potions of might
 A - 4 potions of invisibility
 C - a potion of cancellation
 D - 4 potions of lignification {!q}
 L - 6 potions of brilliance


   Skills:
 - Level 11.0(17.2) Fighting
 - Level 5.5(12.9) Armour
 - Level 6.7(11.7) Dodging
 - Level 4.0(8.5) Stealth
 - Level 3.5(10.1) Shields
 + Level 15.3(21.4) Spellcasting
 - Level 14.7(17.2) Conjurations
 - Level 5.0(7.5) Hexes
 - Level 14.5 Necromancy
 - Level 5.8(8.5) Translocations
 * Level 16.5(20.3) Earth Magic
 - Level 2.0(4.0) Evocations


You had 13 spell levels left.
You knew the following spells:

 Your Spells              Type           Power      Damage    Failure   Level
a - Stone Arrow           Conj/Erth      100%       3d13      0%          3
b - Iron Shot             Conj/Erth      49%        9d9       1%          6
c - Fulminant Prism       Conj/Hex       41%        3d20      1%          4
d - Iskenderun's Mystic   Conj/Tloc      83%        2d16      1%          4
e - Iskenderun's Battles  Conj           94%        2d14      1%          5
f - Animate Dead          Necr           88%        N/A       1%          4
g - Magic Dart            Conj           100%       1d8       0%          1
h - Borgnjor's Vile Clut  Necr/Erth      47%        N/A       1%          5
i - Death Channel         Necr           44%        N/A       1%          6
j - Lehudib's Crystal Sp  Conj/Erth      49%        10d12     6%          8

Your spell library contained the following spells:

 Spells                   Type           Power      Damage    Failure   Level
 Sandblast                Erth           100%       2d20      0%          1
 Searing Ray              Conj           100%       2d8       0%          2
 Freeze                   Ice            100%       1d11      1%          1
 Blink                    Tloc           100%       N/A       1%          2
 Passwall                 Tmut/Erth      62%        N/A       1%          2
 Static Discharge         Conj/Air       72%        3-12/arc  1%          2
 Conjure Flame            Conj/Fire      72%        6-21      1%          3
 Dazzling Flash           Conj/Hex       100%       N/A       1%          3
 Gell's Gravitas          Tloc           70%        N/A       1%          3
 Lesser Beckoning         Tloc           70%        N/A       1%          3
 Portal Projectile        Hex/Tloc       100%       N/A       1%          3
 Teleport Other           Tloc           70%        N/A       1%          3
 Tukima's Dance           Hex            67%        N/A       1%          3
 Animate Armour           Summ/Erth      100%       N/A       1%          4
 Hailstorm                Conj/Ice       72%        3d15      1%          4
 Passage of Golubria      Tloc           70%        N/A       1%          4
 Sticky Flame             Conj/Fire      72%        2d9       1%          4
 Fireball                 Conj/Fire      36%        3d15      1%          5
 Manifold Assault         Tloc           70%        N/A       1%          5
 Orb of Destruction       Conj           47%        9d12      1%          7
 Beastly Appendage        Tmut           64%        N/A       2%          1
 Sting                    Tmut/Pois      100%       1d8       2%          1
 Poisonous Vapours        Pois/Air       66%        N/A       3%          2
 Wereblood                Tmut           32%        N/A       3%          2
 Frozen Ramparts          Ice            70%        1d11      5%          3
 Ignite Poison            Fire/Tmut/Pois 33%        N/A       6%          3
 Spider Form              Tmut/Pois      32%        N/A       6%          3
 Conjure Ball Lightning   Conj/Air       36%        3x3d12    9%          6
 Dispersal                Tloc           35%        N/A       10%         6
 Yara's Violent Unravell  Hex/Tmut       26%        3d11      13%         5
 Airstrike                Air            17%        2d(3-19)  17%         4
 Olgreb's Toxic Radiance  Pois           32%        N/A       22%         4
 Borgnjor's Revivificati  Necr           44%        N/A       34%         8
 Spellforged Servitor     Conj/Summ      35%        N/A       45%         7
 Blade Hands              Tmut           16%        N/A       52%         5
 Disjunction              Tloc           35%        N/A       99%         8
 Death's Door             Necr           44%        N/A       99%         9
 Necromutation            Tmut/Necr      33%        N/A       100%        8


Dungeon Overview and Level Annotations

Branches:
Dungeon (15/15) Zot: 26215  Temple (1/1) D:4 Zot: 5946    Lair (5/5) D:8 Zot: 22419
 Shoals (0/4) Lair:3        Snake (4/4) Lair:3 Zot: 20138   Slime (0/5) Lair:4
    Orc (2/2) D:9 Zot: 9739     Elf (0/3) Orc:2        Vaults (0/5) D:13
 Depths (0/4) D:15         Bailey (visited)

Altars:
Ashenzari
Cheibriados
Dithmenos
Elyvilon
Fedhas
Gozag
Hepliaklqana
Kikubaaqudgha
Makhleb
Nemelex Xobeh
Okawaru
Qazlal
Ru
Sif Muna
Trog
Uskayaw
Vehumet
Wu Jian
Xom
Yredelemnul
Zin
The Shining One

Shops:
D:6 *   D:12 (   Orc:1 **   Orc:2 ?[:[*   Snake:1 ::=:

Portals:
Hell: Lair:5


Message History

The zombie hands constrict the salamander tyrant!!
The zombie hands constrict the naga warrior!!
You feel very sick.
Your battlesphere fires!
The barrage of energy hits the naga!
Your battlesphere expends the last of its energy and dissipates.
The nagaraja hits you with a +0 war axe!!
* * * LOW HITPOINT WARNING * * *
The nagaraja grabs you. The nagaraja constricts you.
* * * LOW HITPOINT WARNING * * *
You block the naga mage's attack.
The naga warrior struggles to escape constriction.
The naga spits poison at you.
The splash of poison hits you but does no damage.
You resist. The naga spits poison at you. The splash of poison misses you.
The salamander tyrant struggles to escape constriction.
The naga closely misses you.
The nagaraja gestures at you while chanting.
The poison arrow hits you!
You are more poisoned.
You partially resist.
* * * LOW HITPOINT WARNING * * *
The nagaraja constricts you.
* * * LOW HITPOINT WARNING * * *
The naga mage hits you from afar with a +0 halberd!
* * * LOW HITPOINT WARNING * * *
Blink to where?
The nagaraja's grasp on you weakens, but your attempt to escape fails.
As you read the scroll of blinking, it crumbles to dust.
The zombie hands constrict the salamander tyrant!!
You kill the salamander tyrant!
The zombie hands constrict the naga warrior!
You feel extremely sick.
The dead are walking!
A glowing mist starts to gather...
The naga mage spits poison at you. You block the splash of poison.
The nagaraja hits you with a +0 war axe!
* * * LOW HITPOINT WARNING * * *
The nagaraja constricts you.
* * * LOW HITPOINT WARNING * * *
The naga warrior struggles to escape constriction.
The naga spits poison at you. The splash of poison misses you.
The nagaraja spits poison at you.
The splash of poison hits you but does no damage.
You are more poisoned.
You have difficulty breathing.
You die...

#### ** * , , ** *,,,,
#### *∆..... ** #####
,..... ######## *...... *
##################N.....
** ,
######......######......*
**,, ,
.....[.............^)...
, ,
.....)...........°N.....,
,,,
..............≈.@.N.....,
, , ,
#####........†.).N.Z....
,,, * *
#######......#####NN....
*
##################N.....*
##################..Z...*
### #######...:..* ###
**,...#* ### * ...# ####
* ** * ,,*


You could see a nagaraja (fast, strong, curare, catching breath), a naga warrior
(curare, clutched), a naga mage (fast, strong, catching breath), 4 nagas, a
friendly spectral salamander tyrant and a friendly salamander tyrant zombie
(wandering).

Vanquished Creatures
  Gastronok (D:12)
  Frances (Snake:1)
  Donald (Snake:2)
  A nagaraja (Snake:3)
  Aizul (Snake:1)
  Louise (Snake:2)
  A dire elephant (Snake:1)
  Azrael (Snake:2)
  A fire dragon (D:15)
  7 vault guards (D:13)
  11 hydras
  A boulder beetle (D:11)
  A salamander tyrant (Snake:4)
  Erolcha (D:11)
  8 anacondas
  An ice dragon (D:15)
  4 two-headed ogres
  3 naga warriors
  A centaur warrior (D:15)
  A tengu warrior (D:15)
  5 orc high priests (Orc:2)
  11 naga sharpshooters
  5 shock serpents
  A deep elf knight (Snake:1)
  A salamander mystic (Snake:4)
  A sixfirhy (Lair:5)
  A naga ritualist (Snake:4)
  Pikel (D:7)
  A mana viper (Snake:2)
  A wizard (Lair:5)
  8 orc knights
  4 oklob plants (Lair:1)
  4 cyclopes
  8 ugly things
  3 manticores
  6 salamanders
  8 elephants
  18 black mambas
  A guardian serpent (Snake:2)
  A smoke demon (Lair:5)
  14 naga magi
  4 rime drakes
  8 cane toads
  A freezing wraith (D:15)
  5 komodo dragons
  2 kobold demonologists (D:14)
  An unseen horror (D:11)
  An efreet (D:15)
  3 ice devils (Lair:5)
  The ghost of ripuliukko the Digger, a novice GrEE (D:7)
  3 tengu conjurers (D:15)
  A hornet (D:11)
  3 trolls
  A red devil (Lair:5)
  3 polar bears
  16 blink frogs
  7 slime creatures
  Sigmund (D:5)
  A snapping turtle (shapeshifter) (D:14)
  A shadow (D:12)
  A vampire (D:11)
  A centaur simulacrum (D:14)
  A wyvern (Lair:3)
  4 fire elementals (Snake:2)
  A wraith (D:14)
  44 yaks
  4 hogs (D:13)
  3 basilisks
  10 vampire mosquitoes
  Menkaure (D:5)
  Edmund (D:5)
  2 wargs (Orc:1)
  2 acid dragons
  33 nagas
  Duvessa (D:5)
  12 water moccasins
  3 hell hounds (Lair:5)
  A floating eye (Lair:1)
  An ice beast (D:5)
  44 orc warriors
  3 black bears
  9 wolves
  3 lemures (D:7)
  3 ogres
  13 centaurs
  3 phantoms
  2 kobold brigands
  12 bullfrogs
  7 scorpions
  A gnoll sergeant (Orc:2)
  A necrophage (D:6)
  10 wights
  Dowan (D:5)
  17 killer bees
  A howler monkey (D:10)
  3 electric eels
  5 hounds
  22 orc priests
  Ijyb (D:3)
  3 iguanas
  9 orc wizards
  2 hell rats (Lair:2)
  A boggart simulacrum (D:14)
  9 gnolls
  4 adders
  A shadow imp (D:7)
  2 ufetubi
  A worm (D:3)
  2 dart slugs
  70 orcs
  10 ball pythons
  7 endoplasms
  6 giant cockroaches
  8 goblins
  8 hobgoblins
  8 jackals
  5 quokkas
  5 bats
  A frilled lizard (D:1)
  16 kobolds
  4 rats
  A butterfly (Lair:1)
684 creatures vanquished.

Vanquished Creatures (collateral kills)
  Kirke (D:13)
  A dire elephant (Snake:1)
  A vault guard (D:13)
  3 hydras
  A catoblepas (Lair:1)
  A centaur warrior (D:13)
  A boulder beetle (D:13)
  A deep elf archer (Snake:1)
  3 ugly things
  2 cyclopes
  7 elephants
  A black mamba (Lair:5)
  2 naga magi (Snake:2)
  4 cane toads
  2 komodo dragons
  A rime drake (Lair:5)
  2 ice devils (Lair:5)
  3 trolls
  3 slime creatures (D:13)
  13 yaks
  A basilisk (Lair:5)
  A hog (D:13)
  A vampire mosquito (D:13)
  A naga (Snake:2)
  5 water moccasins
  2 hell hounds
  4 orc warriors
  An ogre (Orc:1)
  3 centaurs
  2 bullfrogs
  A yak zombie (D:10)
  4 orc priests
  2 orc wizards (Orc:1)
  2 hell rats (Lair:2)
  24 orcs
  A kobold (D:14)
  A bush (Lair:3)
109 creatures vanquished.

Vanquished Creatures (others)
  2 ugly thing zombies (D:14)
  2 hydra zombies
  A human zombie (D:13)
  2 cane toad zombies
  6 elephant zombies (Lair:3)
  A hell hound zombie (Lair:5)
  A wyvern zombie (Lair:3)
  A warg zombie (Orc:1)
  A water moccasin zombie (Lair:5)
  A troll zombie (D:13)
  6 yak zombies (Lair:5)
  A basilisk zombie (D:13)
  5 centaur zombies
  6 naga zombies
  2 ogre zombies (Orc:1)
  7 kobold zombies (D:14)
  51 orc zombies
  2 fulminant prisms
  35 fungi
  85 plants
218 creatures vanquished.

Grand Total: 1011 creatures vanquished

Notes
Turn   | Place    | Note
-------+----------+-------------------------------------------
     0 | D:1      | GeoRichter the Deep Elf Conjurer began the quest for the
                  | Orb.
     0 | D:1      | Reached XP level 1. HP: 10/10 MP: 6/6
   231 | D:1      | Reached XP level 2. HP: 15/15 MP: 6/8
   262 | D:1      | Learned a level 2 spell: Searing Ray
  1454 | D:2      | Reached XP level 3. HP: 19/19 MP: 5/9
  2081 | D:3      | Noticed Ijyb
  2203 | D:3      | Killed Ijyb
  2204 | D:3      | Reached skill level 1 in Fighting
  2204 | D:3      | Reached skill level 5 in Conjurations
  2204 | D:3      | Reached XP level 4. HP: 13/25 MP: 1/11
  2673 | D:3      | Found a glowing golden altar of the Shining One.
  2674 | D:3      | Found a white marble altar of Elyvilon.
  2674 | D:3      | Found a glowing silver altar of Zin.
  3303 | D:3      | Reached XP level 5. HP: 29/29 MP: 5/12
  3365 | D:3      | Learned a level 4 spell: Fulminant Prism
  3442 | D:3      | Reached skill level 1 in Evocations
  3519 | D:3      | Found a faded altar of an unknown god.
  3777 | D:4      | Noticed a phantom
  3797 | D:4      | Killed a phantom
  4016 | D:4      | Found a blossoming altar of Fedhas.
  4033 | D:4      | Found a staircase to the Ecumenical Temple.
  4039 | Temple   | Entered the Ecumenical Temple
  4087 | Temple   | Became a worshipper of Ashenzari the Shackled
  4146 | D:4      | You fall into a shaft and drop 2 floors!
  4379 | D:6      | Noticed a centaur
  4414 | D:6      | Reached XP level 6. HP: 35/35 MP: 10/14
  4522 | D:6      | Reached skill level 1 in Hexes
  4789 | D:6      | Found Koaz Kea's Lightly-Used Armoury.
  4814 | D:5      | Entered Level 5 of the Dungeon
  4884 | D:4      | Found a burning altar of Makhleb.
  4884 | D:4      | Found a basalt altar of Yredelemnul.
  4912 | D:4      | Found an opulent altar of Gozag.
  4950 | D:4      | Found a bloodstained altar of Trog.
  5077 | D:4      | Reached skill level 5 in Spellcasting
  5303 | D:5      | Noticed an ice beast
  5314 | D:5      | Killed an ice beast
  5315 | D:5      | Reached XP level 7. HP: 8/40 MP: 0/16
  5633 | D:5      | Noticed Edmund
  5646 | D:5      | Killed Edmund
  5903 | D:5      | Noticed Sigmund
  5905 | D:5      | Noticed Menkaure
  5910 | D:5      | Killed Sigmund
  5911 | D:5      | Killed Menkaure
  5912 | D:5      | Reached XP level 8. HP: 26/46 MP: 4/19
  6336 | D:5      | Noticed Duvessa
  6337 | D:5      | Noticed Dowan
  6341 | D:5      | Killed Duvessa
  6343 | D:5      | Killed Dowan
  6937 | D:6      | Reached skill level 5 in Hexes
  6942 | D:6      | Learned a level 4 spell: Iskenderun's Mystic Blast
  7004 | D:6      | Found a stormy altar of Qazlal.
  7038 | D:6      | Reached XP level 9. HP: 49/52 MP: 15/21
  7359 | D:6      | Reached skill level 5 in Dodging
  7368 | D:6      | Reached skill level 1 in Translocations
  7573 | D:6      | Reached * piety under Ashenzari
  7573 | D:6      | Identified a scroll of acquirement
  7655 | D:6      | Acquired the ring "Nuoduaqo" {rF++ rC+ rN+ Dex+6}
  7688 | D:7      | Noticed Pikel
  7695 | D:7      | Killed Pikel
  7725 | D:7      | Noticed a cyan ugly thing
  7891 | D:7      | Noticed a cyclops
  7936 | D:7      | Reached skill level 10 in Conjurations
  8521 | D:7      | Found the +6 shillelagh "Devastator" {shatter}
  9155 | D:8      | Reached ** piety under Ashenzari
  9183 | D:8      | Reached XP level 10. HP: 41/58 MP: 6/24
  9290 | D:8      | Identified the +2 long sword of the Purse {vamp, Will+
                  | Str+2}
  9374 | D:8      | Learned a level 5 spell: Iskenderun's Battlesphere
  9828 | D:8      | Reached skill level 5 in Fighting
  9928 | D:8      | Found a staircase to the Lair.
 10208 | D:9      | Found a staircase to the Orcish Mines.
 10367 | D:9      | Reached *** piety under Ashenzari
 10721 | D:9      | Noticed a two-headed ogre
 10729 | D:9      | Killed a two-headed ogre
 10853 | D:9      | Noticed a two-headed ogre
 10856 | D:9      | Reached skill level 1 in Shields
 10862 | D:9      | Killed a two-headed ogre
 10863 | D:9      | Reached skill level 1 in Armour
 10863 | D:9      | Reached skill level 5 in Translocations
 11364 | D:10     | Entered Level 10 of the Dungeon
 11370 | D:10     | Reached XP level 11. HP: 62/67 MP: 14/28
 11595 | D:10     | Found a flagged portal.
 11643 | Bailey   | Entered a bailey
 11840 | Bailey   | Reached skill level 10 in Spellcasting
 11912 | Bailey   | Noticed an orc knight
 11927 | Bailey   | Killed an orc knight
 12296 | Lair:1   | Entered Level 1 of the Lair of Beasts
 12296 | Lair:1   | Noticed a four-headed hydra
 12300 | Lair:1   | Killed a four-headed hydra
 12463 | Lair:1   | Acquired the +0 cloak "Heceps" {Regen+}
 12507 | Lair:1   | Reached skill level 1 in Necromancy
 12835 | Lair:1   | Noticed an oklob plant
 12867 | Lair:1   | Noticed a catoblepas
 12896 | Lair:1   | Killed a catoblepas
 12921 | Lair:1   | Reached XP level 12. HP: 72/75 MP: 9/29
 12934 | Lair:1   | Reached skill level 5 in Necromancy
 13087 | Lair:1   | Learned a level 4 spell: Animate Dead
 14331 | Lair:2   | Found the +8 trident of the Octopus King {venom, rElec
                  | rPois}
 14383 | Lair:2   | Reached **** piety under Ashenzari
 14955 | Lair:2   | Learned a level 3 spell: Stone Arrow
 15157 | Lair:3   | Noticed a six-headed hydra
 15318 | Lair:3   | Reached skill level 1 in Earth Magic
 15323 | Lair:3   | Reached skill level 5 in Armour
 15384 | Lair:2   | Reached skill level 2 in Earth Magic
 15546 | Lair:3   | Reached skill level 3 in Earth Magic
 15667 | Lair:3   | Found a staircase to the Shoals.
 15832 | Lair:3   | Noticed an eight-headed hydra
 15844 | Lair:3   | Killed an eight-headed hydra
 15845 | Lair:3   | Reached skill level 4 in Earth Magic
 15851 | Lair:3   | Learned a level 5 spell: Borgnjor's Vile Clutch
 15919 | Lair:3   | Killed a six-headed hydra
 16175 | Lair:3   | Reached XP level 13. HP: 83/83 MP: 20/30
 16205 | Lair:3   | Found a staircase to the Snake Pit.
 16828 | Lair:4   | Found a staircase to the Slime Pits.
 16932 | Lair:4   | Reached skill level 5 in Earth Magic
 17699 | Lair:5   | Entered Level 5 of the Lair of Beasts
 17722 | Lair:5   | Reached skill level 10 in Necromancy
 17828 | Lair:5   | Reached skill level 6 in Earth Magic
 18134 | Lair:5   | Reached skill level 7 in Earth Magic
 18139 | Lair:5   | Reached skill level 10 in Fighting
 18663 | Lair:5   | Found a burning altar of Makhleb.
 18698 | Lair:5   | Reached skill level 8 in Earth Magic
 18987 | Lair:5   | Found a gateway to Hell.
 19433 | D:7      | Found a runed translucent gate.
 19434 | D:7      | Found a runed translucent gate.
 19435 | D:7      | Found a runed translucent gate.
 19437 | D:7      | Noticed ripuliukko's ghost (novice GrEE)
 19446 | D:7      | Killed ripuliukko's ghost
 19520 | D:10     | Reached XP level 14. HP: 73/92 MP: 8/31
 19588 | D:10     | Learned a level 6 spell: Death Channel
 19698 | D:10     | Found an iron altar of Okawaru.
 19989 | D:10     | Found an ancient bone altar of Kikubaaqudgha.
 20643 | D:11     | Noticed Erolcha
 20648 | D:11     | Killed Erolcha
 21126 | Orc:1    | Entered Level 1 of the Orcish Mines
 21292 | Orc:2    | Entered Level 2 of the Orcish Mines
 21334 | Orc:2    | Reached skill level 9 in Earth Magic
 21630 | Orc:2    | Found a staircase to the Elven Halls.
 22173 | Orc:2    | Found Xifoin Rukhli's CLEARANCE SALE!.
 22180 | Orc:2    | Bought 2 potions of experience for 400 gold pieces
 22180 | Orc:2    | Bought a potion of might for 16 gold pieces
 22180 | Orc:2    | Bought a potion of invisibility for 32 gold pieces
 22340 | Orc:2    | Reached XP level 15. HP: 68/97 MP: 34/34
 22341 | Orc:2    | Reached skill level 11 in Earth Magic
 22341 | Orc:2    | Reached XP level 16. HP: 74/103 MP: 35/35
 22558 | Orc:2    | Found Zypinal's Antique Armour Boutique.
 22559 | Orc:2    | Found Ynicuthi's Antique Armour Boutique.
 22559 | Orc:2    | Found Idwen's Book Shop.
 22560 | Orc:2    | Found Suusag's Magic Scroll Boutique.
 22813 | Orc:1    | Found Zujiuzon's General Store.
 22817 | Orc:1    | Found Muariebeo's Specific Store.
 22837 | Orc:1    | Bought a scroll of enchant armour for 105 gold pieces
 23373 | D:12     | Found Woeqysia's Weapon Boutique.
 23622 | D:12     | Noticed Gastronok
 23632 | D:12     | Killed Gastronok
 24077 | D:13     | Reached skill level 12 in Earth Magic
 24152 | D:13     | Found a blossoming altar of Fedhas.
 24221 | D:13     | Noticed Kirke
 24229 | D:13     | Killed Kirke
 24633 | D:13     | Found a gate to the Vaults.
 24794 | D:13     | Reached XP level 17. HP: 110/110 MP: 20/38
 25101 | D:14     | Reached skill level 13 in Earth Magic
 25531 | D:14     | Reached ***** piety under Ashenzari
 26016 | D:15     | Entered Level 15 of the Dungeon
 26220 | D:15     | Found a staircase to the Depths.
 26232 | D:15     | Identified the Atlas of Translocation and Feathers
 26409 | D:15     | Learned a level 8 spell: Lehudib's Crystal Spear
 26880 | Snake:1  | Entered Level 1 of the Snake Pit
 26880 | Snake:1  | Noticed Aizul
 26888 | Snake:1  | Killed Aizul
 27161 | Snake:1  | Found Pechabol's Book Shoppe.
 27162 | Snake:1  | Noticed Frances
 27173 | Snake:1  | Killed Frances
 27215 | Snake:1  | Bought a book of Power for 756 gold pieces
 27222 | Snake:1  | Learned a level 6 spell: Iron Shot
 27574 | Snake:1  | Reached skill level 14 in Earth Magic
 27659 | Snake:1  | Found Pymon's Book Boutique.
 27659 | Snake:1  | Found Plog's Jewellery Shoppe.
 27660 | Snake:1  | Found Govups's Book Boutique.
 28441 | Snake:2  | Identified the +1 tower shield of Valour {rF++ rCorr Dex-2
                  | Slay+3}
 28441 | Snake:2  | Noticed Louise
 28445 | Snake:2  | Noticed Azrael
 28538 | Snake:2  | Killed Azrael
 28586 | Snake:2  | Killed Louise
 28684 | Snake:2  | Noticed Donald
 28831 | Snake:2  | Killed Donald
 28832 | Snake:2  | Reached skill level 15 in Earth Magic
 28986 | Snake:2  | Reached ****** piety under Ashenzari
 29807 | Snake:3  | Reached skill level 16 in Earth Magic
 30052 | Snake:3  | Reached skill level 15 in Spellcasting
 30073 | Snake:4  | Entered Level 4 of the Snake Pit
 30073 | Snake:4  | Found a glowing silver altar of Zin.
 30490 | Snake:4  | Reached XP level 18. HP: 122/124 MP: 27/45
 30494 | Snake:4  | HP: 5/124 [nagaraja/+0 war axe (14)]
 30494 | Snake:4  | HP: 2/124 [constriction (3)]
 30494 | Snake:4  | Asphyxiated

Illustrated notes

Levels and vault maps discovered:
D:1:      dpeg_arrival_orchard, layout_basic, chequers_serial_rivers_micro_e,
          chequers_big_river, serial_bayou_lagoon_a, grunt_decor_clamped,
          minmay_misc_feat_diagonals
D:2:      layout_rooms
D:3:      kennysheep_six_static_rooms, layout_basic,
          dreamdust_divine_triumvirate, ebering_ecumenical_altar_hall, uniq_ijyb
D:4:      minmay_angry_zag, layout_rooms, fedhas_altar_2,
          chequers_temple_overflow_statue_of_worship, jmf_multi_god_temple,
          minmay_temple_entry_enclosed_plants
D:5:      layout_basic, chequers_serial_rivers_room_a, uniq_menkaure,
          uniq_sigmund, uniq_edmund, uniq_duvessa
D:6:      layout_loops_ring, grunt_qazlal_clouds, kennysheep_big_empty_room,
          minmay_shop_damaged
D:7:      layout_gridville, ebering_ghost_rock_garden, minmay_microvault,
          uniq_pikel
D:8:      layout_basic, grunt_lair_entry_orc_guard_hut
D:9:      layout_stronghold, orc_0_dummy
D:10:     layout_irregular_city, okawaru_trees_2,
          nicolae_kikubaaqudgha_miasma_corner, enter_bailey_2,
          lightli_corner_chamber
D:11:     layout_roguey, uniq_erolcha
D:12:     layout_basic, serial_shops, nicolae_shop_bloodbath_and_beyond,
          hangedman_decor_lopped, uniq_gastronok
D:13:     layout_stronghold, erik_vaults_2, minmay_ruined_shrine, uniq_kirke
D:14:     layout_stronghold, hangedman_decor_peaks_small,
          kennysheep_generic_room_3
D:15:     grunt_enter_depths_hoard, layout_gridville, serial_park_gazebo
          [serial_park_minivault_5x5_7]
Temple:   nicolae_temple_ecumenical_triangle
Lair:1:   layout_misc_corridors, serial_bayou_pond_d, disabler_island,
          grunt_megastairs_3, lemuel_fruit_fields
Lair:2:   layout_regular_city, serial_bayou_shore_a
Lair:3:   layout_misc_corridors, elwin_shoals_entry_rocks,
          guppyfry_snake_entry_garden, serial_forest,
          infiniplex_forest_lined_room_, infiniplex_forest_lined_ring,
          infiniplex_forest_clump_tiny, infiniplex_forest_lined_3_way,
          infiniplex_forest_clump_curved, infiniplex_forest_clump_long,
          infiniplex_forest_corner_2, infiniplex_forest_clump_small,
          infiniplex_staircase_pool_2
Lair:4:   layout_cave_pods, slime_entry_1, minivault_23, wad_woods_river_01
Lair:5:   evil_forest, layout_regular_city, grunt_megastairs_5
Snake:1:  layout_chambers, serial_shops, shop, beargit_elvish_explorers,
          minmay_shop_grove, uniq_frances, uniq_aizul
Snake:2:  layout_misc_corridors, uniq_louise, uniq_azrael, uniq_donald
Snake:3:  layout_basic
Snake:4:  minmay_snake_end_coiled, layout_rooms, basic_altar, drop_trap
Orc:1:    layout_caves, nicolae_specific_store, mines2_david
Orc:2:    st_orc_pillars, layout_diamond_mine, nicolae_shop_clearance

Skill      XL: |  1  2  3  4  5  6  7  8  9 10 11 12 13 14 15 16 17 |
---------------+----------------------------------------------------+-----
Stealth        | 3 4 |  4.0
Fighting       | 1 2 3 4 5 6 9 10 11 | 11.0
Conjurations   | 5 6 7 8 10 11 12 13 14 | 14.7
Evocations     | 1 2 |  2.0
Spellcasting   | 4 5 6 7 8 9 10 11 12 15 | 15.3
Hexes          | 2 3 5 |  5.0
Dodging        | 3 4 6 |  6.7
Translocations | 3 5 |  5.8
Shields        | 1 3 |  3.5
Armour         | 1 4 5 |  5.5
Necromancy     | 4 9 11 14 | 14.5
Earth Magic    | 4 8 9 11 12 16 | 16.5

Action                   |  1- 3 |  4- 6 |  7- 9 | 10-12 | 13-15 | 16-18 || total
-------------------------+-------+-------+-------+-------+-------+-------++-------
Melee: Hand axe          |     3 |       |       |       |       |       ||     3
       Rapier            |     4 |       |     8 |    50 |       |       ||    62
       Trident           |       |       |       |    15 |   106 |    79 ||   200
 Cast: Magic Dart        |    86 |   106 |    66 |   289 |       |       ||   547
       Searing Ray       |     1 |    10 |    43 |     2 |       |       ||    56
       Fulminant Prism   |       |       |     2 |       |       |       ||     2
       Iskenderun's Myst |       |       |    16 |    25 |     6 |     3 ||    50
       Iskenderun's Batt |       |       |       |    59 |    42 |    39 ||   140
       Stone Arrow       |       |       |       |    35 |   275 |   301 ||   611
       Animate Dead      |       |       |       |     2 |    11 |    10 ||    23
       Borgnjor's Vile C |       |       |       |       |    11 |     8 ||    19
       Death Channel     |       |       |       |       |     6 |    12 ||    18
       Iron Shot         |       |       |       |       |       |   139 ||   139
Invok: Curse Item        |       |       |     3 |     3 |     2 |     5 ||    13
       Shatter the Chain |       |       |       |     1 |     1 |     1 ||     3
Evoke: Wand              |       |     2 |     1 |       |     4 |       ||     7
  Use: Scroll            |     7 |     5 |     3 |     8 |    12 |     5 ||    40
       Potion            |     1 |       |     5 |     4 |     7 |     1 ||    18
 Stab: Petrifying        |       |       |       |     1 |       |       ||     1
       Petrified         |       |       |       |     1 |       |       ||     1
       Invisible         |       |       |       |       |     6 |       ||     6
       Distracted        |       |       |       |       |     5 |     5 ||    10
       Sleeping          |       |       |       |       |       |     2 ||     2
Armor: Robe              |       |     9 |    11 |     5 |       |       ||    25
       Acid dragon scale |       |       |       |    48 |    71 |   127 ||   246
Dodge: Dodged            |     4 |    14 |    79 |   133 |   130 |   239 ||   599
Block: Buckler           |       |       |       |    45 |    46 |    90 ||   181
